 Dungeon Crawl Stone Soup version 0.19.1-1-g22dce08 (webtiles) character file.

49457 dngmouse the Warrior (level 14, -6/146 HPs)
             Began as a Minotaur Fighter on Jan 15, 2017.
             Was the Champion of Makhleb.
             Mangled by an ice devil (22 damage)
             ... on level 6 of the Lair of Beasts.
             The game lasted 01:29:49 (16296 turns).

dngmouse the Warrior (Minotaur Fighter)            Turns: 16296, Time: 01:29:52

Health: -6/146     AC: 26    Str: 27    XL:     14   Next: 16%
Magic:  17/17      EV:  7    Int:  5    God:    Makhleb [******]
Gold:   1683       SH:  0    Dex: 12    Spells: 0 memorised, 13 levels left

rFire  . . .     SeeInvis .     a - +1 battleaxe (chop)
rCold  . . .     Gourm    .     g - +2 plate armour {rPois}
rNeg   . . .     Faith    .     (shield currently unavailable)
rPois  +         Spirit   .     (helmet restricted)
rElec  .         Reflect  .     z - +1 cloak
rCorr  .         Harm     .     M - +2 pair of gloves {Str+3}
MR     +....                    (no boots)
Stlth  ..........               N - amulet of regeneration
                                (no ring)
                                H - +4 ring of protection

@: confused, very slightly contaminated, invisible
A: retaliatory headbutt, horns 2
a: Minor Destruction, Lesser Servant of Makhleb, Major Destruction, Greater
Servant of Makhleb, Renounce Religion


You were on level 6 of the Lair of Beasts.
You worshipped Makhleb.
Makhleb was exalted by your worship.
You were not hungry.

You visited 4 branches of the dungeon, and saw 19 of its levels.
You visited the Abyss 1 time.
You also visited: Ossuary.

You collected 1923 gold pieces.
You spent 240 gold pieces at shops.

Inventory:

Hand Weapons
 a - a +1 battleaxe of chopping (weapon)
 b - the +5 flail of Jinugh {crush, *Slow rC+ Str+3}
   (You found it on level 4 of the Dungeon)

   It inflicts extra damage upon your enemies.
   It affects your strength (+3).
   It protects you from cold.
   It may slow you when you take damage.
 w - a +0 battleaxe
Missiles
 o - 7 javelins (quivered)
 Q - 37 tomahawks
Armour
 g - a +2 plate armour of poison resistance (worn)
 z - a +1 cloak (worn)
 M - a +2 pair of gloves of strength (worn)
Jewellery
 i - an uncursed ring of ice
 H - a +4 ring of protection (left hand)
 N - an amulet of regeneration (around neck)
Wands
 d - a wand of polymorph (12/24)
 e - a wand of random effects (28/48)
 r - a wand of flame (32/48)
 x - a wand of iceblast (9/15)
 B - a wand of polymorph (10/24)
 D - a wand of acid (4/15)
 G - a wand of iceblast (9/15)
 L - a wand of lightning (15/15)
 P - a wand of confusion (23/48)
 U - a wand of confusion (25/48)
 V - a wand of iceblast (12/15)
 Y - a wand of digging (12/24)
 Z - a wand of polymorph (14/24)
Scrolls
 k - 3 scrolls of teleportation
 m - a scroll of enchant armour
 p - 9 scrolls of remove curse
 v - 4 scrolls of recharging
 y - 9 scrolls of identify
 A - 3 scrolls of silence
 E - 5 scrolls of enchant weapon
 K - 7 scrolls of magic mapping
 S - 3 scrolls of fear
 T - a scroll of blinking
 X - 3 scrolls of fog
Potions
 c - a potion of lignification
 h - 3 potions of agility
 l - 3 potions of heal wounds
 n - 2 potions of cancellation
 t - 5 potions of flight
 F - 4 potions of curing
 I - 2 potions of haste
 W - a potion of berserk rage
Comestibles
 f - 15 bread rations
 j - 2 royal jellies
 s - 8 meat rations
 u - 23 fruits
 C - 6 beef jerkies
 J - 18 chunks of flesh
 R - 10 slices of pizza


   Skills:
 * Level 19.2 Fighting
 - Level 16.0 Axes
 + Level 10.5 Armour
   Level 3.6 Shields
 - Level 6.6 Invocations
 - Level 4.0 Evocations


You had 13 spell levels left.
You didn't know any spells.

Dungeon Overview and Level Annotations

Branches:
Dungeon (10/15)            Temple (1/1) D:6            Lair (6/6) D:10
  Swamp (0/4) Lair:4        Snake (0/4) Lair:2        Slime (0/5) Lair:5
    Orc (2/2) D:9             Elf (0/3) Orc:2

Altars:
Ashenzari
Cheibriados
Dithmenos
Elyvilon
Fedhas
Gozag
Hepliaklqana
Kikubaaqudgha
Makhleb
Nemelex Xobeh
Okawaru
Qazlal
Ru
Sif Muna
Trog
Uskayaw
Vehumet
Xom
Yredelemnul
Zin
The Shining One
Jiyva

Shops:
D:5 ?   D:9 [   D:10 :   Orc:2 *}:%


Innate Abilities, Weirdness & Mutations

You reflexively headbutt those who attack you in melee.
You have a pair of horns on your head.


Message History

The orange demon stings you but does no damage.
The sun demon hits you but does no damage.
The ice devil completely misses you.
The orange demon stings you but does no damage.
You fade into invisibility!
The ice devil closely misses you.
The orange demon stings you but does no damage.
The sun demon hits you!
* * * LOW HITPOINT WARNING * * *
You are engulfed in flames!
* * * LOW HITPOINT WARNING * * *
The ice devil barely misses you. The orange demon barely misses you.
You are very lightly contaminated with residual magic.
You're too confused to move!
The ice devil hits you but does no damage.
The sun demon hits you but does no damage.
The orange demon closely misses you. The ice devil hits you!
* * * LOW HITPOINT WARNING * * *
The ice devil freezes you!!
You die...

♣♣......÷♣♣♣ ♣.....♣
♣♣.♣♣.♣♣♣ ######''#######
♣♣♣♣♣+#########.............#
........#...8....8....#
..8.8...'.............#
...8.8..############### ♣
..8.8...#.4...... ♣
...8.8.)#44...... ♣
..8.8...@344._... ♣
...8.8..#434...§.
........#44...≈≈§
############≈≈§§≈ ≈≈≈§≈ ####


You could see a sun demon, 3 orange demons, a hellwing, 4 ice devils, a smoke
demon and a red devil.

Vanquished Creatures
  Gastronok (Lair:1)
  Josephine (Lair:4)
  Erolcha (Orc:1)
  The ghost of Thrillho the Thaumaturge, a journeyman DEFE of Vehumet (Lair:5)
  2 hydras (Lair:6)
  Erica (D:9)
  3 death yaks (Lair:5)
  4 orc high priests
  A wizard (Lair:6)
  A hill giant (D:7)
  An orc knight (D:9)
  5 orc sorcerers (Orc:2)
  4 oklob plants
  An elephant (Lair:6)
  2 smoke demons (Abyss:1)
  6 black mambas
  6 spiny frogs
  5 rime drakes
  8 komodo dragons
  An ice devil (Lair:6)
  5 trolls
  2 two-headed ogres
  21 blink frogs
  6 hippogriffs
  5 dream sheep (Lair:6)
  Sigmund (D:2)
  4 wraiths (Lair:4)
  A human (D:7)
  A ynoxinul (Abyss:1)
  4 hogs (D:7)
  19 yaks
  3 basilisks
  A hungry ghost (D:10)
  3 nagas
  Edmund (D:5)
  8 wargs
  10 water moccasins
  A black bear (D:10)
  2 porcupines (Lair:4)
  25 orc warriors
  6 ogres
  A necrophage (D:10)
  A large abomination (Abyss:1)
  3 ice beasts
  A phantom (D:9)
  2 sky beasts (D:9)
  A small abomination (Abyss:1)
  6 wolves (Lair:3)
  3 centaurs
  14 crocodiles
  A big kobold (D:7)
  An elf zombie (Ossuary)
  13 bullfrogs
  2 gnoll sergeants
  5 scorpions
  9 killer bees
  3 wights (D:5)
  7 howler monkeys
  5 crimson imps
  A lava snake (Orc:1)
  3 bullfrog zombies
  2 jellies
  A quasit (D:8)
  2 centaur zombies
  3 centaur skeletons
  17 orc priests
  Crazy Yiuf (D:2)
  4 hounds
  37 orc wizards
  Natasha (thrice) (D:2)
  3 iguanas
  6 worker ants
  A killer bee zombie (D:9)
  3 big kobold zombies (Ossuary)
  A hound zombie (Ossuary)
  A hound skeleton (D:6)
  3 mummies (Ossuary)
  A worker ant zombie (D:7)
  Robin (D:2)
  10 gnolls
  A howler monkey skeleton (D:9)
  10 adders
  A shadow imp (Abyss:1)
  An adder skeleton (D:4)
  4 adder zombies (Ossuary)
  4 worms
  2 dart slugs (D:1)
  7 leopard geckos
  66 orcs
  6 bats
  3 giant cockroaches
  17 goblins
  11 hobgoblins
  16 jackals
  10 kobolds
  4 quokkas
  4 frilled lizards
  2 gnoll zombies (Ossuary)
  4 goblin zombies (Ossuary)
  2 hobgoblin zombies (Ossuary)
  3 jackal zombies (Ossuary)
  2 kobold zombies (Ossuary)
  A leopard gecko zombie (D:7)
  An orc zombie (Ossuary)
  A quokka skeleton (D:4)
  3 quokka zombies (Ossuary)
  9 rats
  7 rat zombies (Ossuary)
  4 bushes
  4 fungi
  31 plants
607 creatures vanquished.

Vanquished Creatures (others)
  Fannar (D:10)
  12 fungi
  A plant (Lair:6)
14 creatures vanquished.

Grand Total: 621 creatures vanquished

Notes
Turn   | Place    | Note
-------+----------+-------------------------------------------
     0 | D:1      | dngmouse the Minotaur Fighter began the quest for the Orb.
     0 | D:1      | Reached XP level 1. HP: 19/19 MP: 0/0
   296 | D:1      | Reached XP level 2. HP: 27/27 MP: 1/1
   540 | D:1      | Reached skill level 4 in Fighting
   586 | D:2      | Noticed Sigmund
   595 | D:2      | HP: 1/27 [something (11)]
   891 | D:2      | Noticed Natasha
   896 | D:2      | Killed Natasha
   896 | D:2      | Reached XP level 3. HP: 29/33 MP: 2/2
   927 | D:2      | Noticed Robin
  1289 | D:2      | Reached skill level 5 in Axes
  1289 | D:2      | Reached XP level 4. HP: 40/40 MP: 3/3
  1349 | D:2      | Killed Robin
  1393 | D:2      | Noticed Natasha
  1396 | D:2      | Found a sparkling altar of Nemelex Xobeh.
  1404 | D:2      | HP: 2/40 [Natasha (6)]
  1413 | D:2      | Killed Natasha
  1425 | D:2      | Noticed Natasha
  1639 | D:2      | Killed Natasha
  1639 | D:2      | Reached XP level 5. HP: 44/46 MP: 4/4
  1773 | D:2      | Killed Sigmund
  1773 | D:2      | Reached XP level 6. HP: 17/52 MP: 5/5
  2072 | D:2      | Found a runed door.
  2236 | D:2      | Noticed Crazy Yiuf
  2242 | D:2      | Killed Crazy Yiuf
  2878 | D:4      | Reached XP level 7. HP: 54/59 MP: 6/6
  3082 | D:4      | Got a warped flail
  3085 | D:4      | Identified the +5 flail of Jinugh {crush, *Slow rC+ Str+3} (You found it on level 4 of the Dungeon)
  3652 | D:5      | Entered Level 5 of the Dungeon
  3699 | D:5      | Found Ipaluwe's Magic Scroll Emporium.
  3715 | D:5      | Bought a scroll of teleportation for 42 gold pieces
  3749 | D:5      | Found a sand-covered staircase.
  3757 | Ossuary  | Entered an ossuary
  3796 | Ossuary  | Reached skill level 10 in Axes
  4218 | D:5      | Reached XP level 8. HP: 48/66 MP: 7/7
  4233 | D:5      | Found a deep blue altar of Sif Muna.
  4731 | D:5      | Noticed Edmund
  4740 | D:5      | Killed Edmund
  4931 | D:6      | Found a staircase to the Ecumenical Temple.
  4936 | Temple   | Entered the Ecumenical Temple
  5408 | D:6      | Reached skill level 5 in Fighting
  5421 | D:5      | Found a stormy altar of Qazlal.
  5421 | D:5      | Found a burning altar of Makhleb.
  5431 | D:5      | Became a worshipper of Makhleb the Destroyer
  5484 | D:6      | Reached XP level 9. HP: 62/74 MP: 8/8
  5746 | D:7      | Reached skill level 6 in Fighting
  5785 | D:7      | Reached skill level 7 in Fighting
  6062 | D:7      | Noticed a hill giant
  6093 | D:7      | Killed a hill giant
  6093 | D:7      | Reached skill level 8 in Fighting
  6105 | D:7      | Reached skill level 9 in Fighting
  6255 | D:7      | Found a shadowy altar of Dithmenos.
  6291 | D:7      | Found a white marble altar of Elyvilon.
  6354 | D:7      | Reached skill level 10 in Fighting
  6359 | D:7      | Reached skill level 11 in Fighting
  6417 | D:7      | Reached * piety under Makhleb
  6431 | D:7      | Reached XP level 10. HP: 92/96 MP: 9/9
  6562 | D:7      | Found a glowing silver altar of Zin.
  6562 | D:7      | Found an opulent altar of Gozag.
  7037 | D:8      | Reached skill level 1 in Evocations
  7349 | D:9      | Reached skill level 12 in Fighting
  7379 | D:9      | Noticed a hand axe
  7380 | D:9      | Found a hide-covered altar of Uskayaw.
  7380 | D:9      | Noticed a dagger
  7410 | D:9      | Found a staircase to the Orcish Mines.
  7410 | D:9      | Found Muxzallyxe's Armour Emporium.
  7721 | D:9      | Reached ** piety under Makhleb
  7847 | D:9      | Noticed Erica
  7862 | D:9      | Killed Erica
  7862 | D:9      | Reached skill level 13 in Fighting
  8090 | Orc:1    | Entered Level 1 of the Orcish Mines
  8096 | Orc:1    | Noticed Erolcha
  8188 | Orc:1    | Killed Erolcha
  8188 | Orc:1    | Reached skill level 14 in Fighting
  8188 | Orc:1    | Reached XP level 11. HP: 79/110 MP: 13/13
  8409 | Orc:1    | Noticed an orc high priest
  8426 | D:9      | Noticed a sixfirhy
  8426 | D:9      | Killed an orc high priest
  8542 | Orc:1    | Noticed an orc knight
  8578 | D:9      | Killed an orc knight
  8578 | D:9      | Reached skill level 15 in Fighting
  8587 | D:9      | Bought a +1 pair of gloves of strength for 198 gold pieces
  9082 | Orc:2    | Entered Level 2 of the Orcish Mines
  9082 | Orc:2    | Found a staircase to the Elven Halls.
  9093 | Orc:2    | Noticed an orc high priest
  9102 | Orc:2    | Killed an orc high priest
  9102 | Orc:2    | Reached skill level 5 in Armour
  9103 | Orc:2    | Reached *** piety under Makhleb
  9249 | Orc:2    | Noticed an orc sorcerer
  9378 | Orc:2    | Killed an orc sorcerer
  9545 | Orc:2    | Cast into level 1 of the Abyss (orc warrior)
  9545 | Abyss:1  | Found a corrupted altar of Lugonu.
  9725 | Abyss:1  | Reached skill level 16 in Fighting
  9754 | Abyss:1  | Noticed a thrashing horror
  9754 | Abyss:1  | Noticed a lich
  9756 | Abyss:1  | Noticed a hell beast
  9796 | Abyss:1  | Noticed a wretched star
  9904 | Abyss:1  | Noticed a bone dragon
  9908 | Abyss:1  | Noticed a glowing orange brain
  9911 | Orc:2    | Escaped the Abyss
  9946 | Orc:2    | Reached **** piety under Makhleb
 10113 | Orc:2    | Noticed an orc high priest
 10128 | Orc:2    | Noticed a soul eater
 10229 | Orc:2    | Killed an orc high priest
 10245 | Orc:2    | Noticed an orc sorcerer
 10268 | Orc:2    | Killed an orc sorcerer
 10301 | Orc:2    | Reached XP level 12. HP: 123/123 MP: 14/14
 10596 | Orc:2    | Found Kucluama's Food Boutique.
 10596 | Orc:2    | Found Elofya's Book Boutique.
 10599 | Orc:2    | Found Xuch's Gadget Shop.
 10599 | Orc:2    | Found Dotaepid's General Store.
 10821 | Orc:2    | Noticed an orc high priest
 10834 | Orc:2    | Killed an orc high priest
 11262 | D:10     | Entered Level 10 of the Dungeon
 11286 | D:10     | Found Plog's Book Boutique.
 11406 | D:10     | Reached ***** piety under Makhleb
 11497 | D:10     | Reached skill level 1 in Invocations
 11591 | D:10     | Noticed Fannar
 11631 | D:10     | Killed Fannar
 11707 | D:10     | Reached skill level 17 in Fighting
 11719 | D:10     | Found a staircase to the Lair.
 11791 | Lair:1   | Entered Level 1 of the Lair of Beasts
 11922 | Lair:1   | Noticed Gastronok
 11930 | Lair:1   | Killed Gastronok
 11930 | Lair:1   | Reached skill level 15 in Axes
 12551 | Lair:2   | Found a staircase to the Snake Pit.
 12635 | Lair:2   | Reached XP level 13. HP: 132/132 MP: 15/15
 13019 | Lair:2   | Found a blossoming altar of Fedhas.
 14071 | Lair:4   | Reached skill level 5 in Invocations
 14268 | Lair:4   | Found a staircase to the Swamp.
 14317 | Lair:4   | Reached skill level 18 in Fighting
 14480 | Lair:4   | Noticed Josephine
 14490 | Lair:4   | Killed Josephine
 15164 | Lair:5   | Noticed Thrillho's ghost (journeyman DEFE)
 15172 | Lair:5   | Killed Thrillho's ghost
 15342 | Lair:5   | Found a staircase to the Slime Pits.
 15343 | Lair:5   | Found a viscous altar of Jiyva.
 15499 | Lair:5   | Reached ****** piety under Makhleb
 15768 | Lair:6   | Entered Level 6 of the Lair of Beasts
 15943 | Lair:6   | Reached skill level 10 in Armour
 16000 | Lair:6   | Reached XP level 14. HP: 109/144 MP: 17/17
 16106 | Lair:6   | Reached skill level 19 in Fighting
 16281 | Lair:6   | Found a burning altar of Makhleb.
 16296 | Lair:6   | Mangled by an ice devil

Skill      XL: |  1  2  3  4  5  6  7  8  9 10 11 12 13 14 |
---------------+-------------------------------------------+-----
Axes           | 3 4 5 6 7 9 11 13 15 16 | 16.0
Fighting       | 4 5 11 14 16 17 18 19 | 19.2
Evocations     | 4 |  4.0
Armour         | 8 10 | 10.5
Invocations    | 3 6 |  6.6
Shields        | |  3.6

Action                   |  1- 3 |  4- 6 |  7- 9 | 10-12 | 13-15 || total
-------------------------+-------+-------+-------+-------+-------++-------
Melee: War axe           |    63 |   154 |   347 |   140 |       ||   704
       Headbutt          |     5 |    21 |    61 |   154 |   105 ||   346
       Flail             |       |       |    24 |    17 |    16 ||    57
       Broad axe         |       |       |       |    19 |       ||    19
       Battleaxe         |       |       |       |   488 |   364 ||   852
Throw: Javelin           |       |     2 |     2 |     8 |       ||    12
Evoke: Wand              |       |       |     1 |     9 |       ||    10
  Use: Potion            |       |     2 |     3 |     8 |     2 ||    15
       Scroll            |       |       |    13 |     8 |     1 ||    22
 Stab: Confused          |       |       |       |     2 |       ||     2
  Eat: Chunk             |       |     7 |    11 |    22 |    12 ||    52
       Fruit             |       |       |       |       |     1 ||     1
Armor: Scale mail        |    11 |       |       |       |       ||    11
       Chain mail        |    33 |    81 |   161 |    42 |       ||   317
       Plate armour      |       |       |       |   432 |   251 ||   683
       Skin              |       |       |       |    29 |       ||    29
Dodge: Dodged            |    26 |    48 |   110 |   219 |   110 ||   513
Block: Shield            |     9 |       |       |       |       ||     9
       Buckler           |    14 |    36 |    50 |    19 |       ||   119
